 Dungeon Crawl Stone Soup version 0.32-a0-433-g08bcfe7efd (webtiles) character file.

Game seed: 6433662775495272454

1 dialectric the Chopper (level 1, -2/17 (18) HPs)
             Began as a Coglin Berserker on Feb 22, 2024.
             Was a Follower of Trog.
             Slain by a gnoll
             ... wielding a +1 flail of draining
              (5 damage)
             ... on level 1 of the Dungeon.
             The game lasted 00:00:03 (66 turns).

dialectric the Chopper (Coglin Berserker)             Turns: 66, Time: 00:00:04

HP:   -2/17 (18)    AC:  2    Str: 17    XL:     1   Next: 20%
MP:   1/1           EV: 12    Int:  6    God:    Trog [*.....]
Gold: 0             SH:  0    Dex: 13    Spells: 0/0 levels left

rFire   . . .        a - +0 hand axe {Gloria}
rCold   . . .        (no shield)
rNeg    . . .        b - +0 animal skin
rPois   .            (no helmet)
rElec   .            (no cloak)
rCorr   .            (no gloves)
SInv    .            (no boots)
Will    .....        (no amulet)
Stlth   +            (no ring)
HPRegen 0.22/turn    (no ring)
MPRegen 0.07/turn

%: no passive effects
@: drained
A: off-hand wielding, slow wielding, warmup strikes, legs shutdown
a: Renounce Religion, Berserk


You were on level 1 of the Dungeon.
You worshipped Trog.
Trog was aware of your devotion.
You visited 1 branch of the dungeon, and saw 1 of its levels.

Inventory:

Hand Weapons
 a - a +0 hand axe (weapon) {Gloria}
Armour
 b - a +0 animal skin (worn)
Scrolls
 c - a scroll of poison {unknown}


   Skills:
 + Level 3.0 Fighting
 + Level 3.0 Axes
 + Level 1.8 Armour
 + Level 1.8 Dodging


You couldn't memorise any spells.
You didn't know any spells.
Your spell library was empty.

Dungeon Overview and Level Annotations

Branches:
Dungeon (1/15)

Altars:


Innate Abilities, Weirdness & Mutations

You can wield a second weapon in your off-hand.
It takes a long time for you to wield or remove held weapons.
Your first few attacks do less damage.
Attacking and casting redirects power from your legs.


Message History

Welcome, dialectric the Coglin Berserker.
Everyone else who sought the Orb of Zot has failed.
Will you be different?
Trog says: Kill them all!
Press ? for a list of commands and other information.
Found a staircase leading out of the dungeon.
An endoplasm comes into view.
An endoplasm is nearby!
An endoplasm is nearby!
An endoplasm is nearby!
You hit the endoplasm.
The endoplasm is almost dead.
The endoplasm freezes you.
You are frozen.
You hit the endoplasm.
You kill the endoplasm!
Trog accepts your kill.
HP restored.
c - a scroll labelled ZUONEE RAMUKHOT No target in view!
A gnoll comes into view. It is wielding a +1 flail of draining.
Found 18 gold pieces.
An endoplasm comes into view.
The endoplasm quivers.
There are monsters nearby!
The endoplasm freezes you.
You are frozen.
The gnoll hits you with a +1 flail of draining!
Ouch! That really hurt!
* * * LOW HITPOINT WARNING * * *
You feel drained.
You die...

###### ###....######
#######.......#...##
#.....#.#.#.#...#..#
#..............###.##
#.?.....#.#.#...#....
#.............#...###
###.....#.#.#.#.#####
#.....@##.......#
#.#.#gJ###..#...#
#....$.# ##......#
#.#.#.## #.......# #
#......
#.........####
.......
+.........+...
##.#...
#.........#### #.##..
##.......## #


You could see a gnoll and an endoplasm.

Vanquished Creatures
  An endoplasm (D:1)
1 creature vanquished.

Notes
Turn   | Place    | Note
-------+----------+-------------------------------------------
     0 | D:1      | dialectric the Coglin Berserker began the quest for the
                  | Orb.
     0 | D:1      | Reached XP level 1. HP: 18/18 MP: 1/1
    66 | D:1      | Slain by a gnoll

Illustrated notes

Levels and vault maps discovered:
D:1:      onia_arrival_pyramid, layout_loops_corners, serial_glass,
          glass_columns_a, glass_columns_b, minmay_misc_feat_x,
          nrook_mini_backslash

Action                     || total
---------------------------++-------
  Melee: Hand axe          ||     2
 Armour: Animal skin       ||     1

Table legend: (Time is in decaauts)
 A = Elapsed time spent in this place.
 B = Non-inter-level travel time spent in this place.
 C = Inter-level travel time spent in this place.
 D = Time resting spent in this place.
 E = Time spent auto-exploring this place.
 F = Levels seen in this place.
 G = Mean time per level.
                   A        B        C        D        E       F      G
               +--------+--------+--------+--------+--------+-----+--------+
         Total |     66 |     66 |      0 |      0 |     56 |   1 |   66.0 |
       Dungeon |     66 |     66 |      0 |      0 |     56 |   1 |   66.0 |
               +--------+--------+--------+--------+--------+-----+--------+

Top non-repeatable levels by time:
     D:1: 66 daAuts
